 Dungeon Crawl Stone Soup version 0.29.1-15-g9cfb28693d (webtiles) character file.

Game seed: 12787750355716587994

73 H0rd4k the Charlatan (level 4, 0/30 HPs)
             Began as an Octopode Artificer on Mar 8, 2023.
             Frozen to death by an endoplasm (2 damage)
             ... on level 3 of the Dungeon.
             The game lasted 00:01:47 (2298 turns).

H0rd4k the Charlatan (Octopode Artificer)           Turns: 2298, Time: 00:01:49

Health: 0/30       AC:  1    Str:  9 (11) XL:     4   Next: 27%
Magic:  6/6        EV: 21    Int: 13 (15) God:
Gold:   115        SH:  0    Dex: 11 (12) Spells: 6/6 levels left

rFire   . . .      SeeInvis .     - Unarmed
rCold   . . .      Faith    .   (no shield)
rNeg    . . .      Spirit   .   (helmet restricted)
rPois   .          Reflect  .   r - amulet of the acrobat
rElec   .          Harm     .   n - +4 ring of evasion
rCorr   .          Rampage  .   o - +4 ring of evasion
Will    .....                   (no ring)
Stlth   +++.......              (no ring)
HPRegen 0.10/turn               (no ring)
MPRegen 0.10/turn               (no ring)
                                (no ring)
                                (no ring)

@: no status effects
A: almost no armour, amphibious, 8 rings, camouflage 1, gelatinous body 1,
(nimble swimmer 1), tentacles
a: no special abilities


You were on level 3 of the Dungeon.
You visited 1 branch of the dungeon, and saw 3 of its levels.

You collected 115 gold pieces.

Inventory:

Jewellery
 n - a +4 ring of evasion (left tentacle)
 o - a +4 ring of evasion (right tentacle)
 r - an amulet of the acrobat (around mantle)
Wands
 b - a wand of flame (15) (quivered)
 c - a wand of charming (11)
 d - a wand of iceblast (3)
Scrolls
 a - 2 scrolls of noise {unknown}
 e - a scroll of vulnerability {unknown}
 f - a scroll of enchant armour {unknown}
 h - 2 scrolls of silence {unknown}
 i - a scroll of teleportation {unknown}
 j - a scroll of poison {unknown}
 l - a scroll of amnesia {unknown}
 m - a scroll of blinking {unknown}
Potions
 k - a potion of brilliance {unknown}
 p - a potion of curing {unknown}
 q - a potion of haste {unknown}


   Skills:
 * Level 2.3 Fighting
 - Level 2.3 Dodging
 - Level 1.3 Stealth
 + Level 1.7 Unarmed Combat
 * Level 1.9 Spellcasting
 - Level 3.2 Evocations


You had 6 spell levels left.
You didn't know any spells.
Your spell library contained the following spells:

 Spells                   Type           Power      Damage    Failure   Level
 Dispersal                Tloc           0%         N/A       100%        6
 Disjunction              Tloc           0%         N/A       100%        8


Dungeon Overview and Level Annotations

Branches:
Dungeon (3/15)

Altars:


Innate Abilities, Weirdness & Mutations

You cannot wear most types of armour.
You are amphibious.
You can wear up to eight rings at the same time.
Your skin changes colour to match your surroundings (Stealth+).
Your rubbery body absorbs attacks. (AC +1, EV +1)
((You are camouflaged when in or above water. (Stealth+)))
You have tentacles for arms and can constrict up to eight enemies at once.


Message History

Something hits you.
The frilled lizard completely misses you.
You tentacle-slap the endoplasm.
The endoplasm is heavily wounded.
Something closely misses you. The endoplasm freezes you.
You are frozen.
The frilled lizard closely misses you.
You closely miss something.
You hear some strange, mumbled words.
A puff of flame appears from out of thin air!
The puff of flame hits you!
* * * LOW HITPOINT WARNING * * *
The endoplasm closely misses you. The frilled lizard bites you.
* * * LOW HITPOINT WARNING * * *
You are too confused!
Unknown command.
Unknown command.
You bump into the rock wall.
You feel less confused. Something barely misses you. The endoplasm freezes you.
You are frozen.
* * * LOW HITPOINT WARNING * * *
The frilled lizard misses you.
Aiming: Charm
Press: ? - help, Shift-Dir - straight line Nothing appears to happen.
Something barely misses you. The endoplasm closely misses you.
The frilled lizard bites you.
* * * LOW HITPOINT WARNING * * *
Unknown command.
The frilled lizard completely misses you.
Okay, then.
It was a potion of degeneration.
There was something very wrong with that liquid.
You feel weakened.
You feel dopey.
You feel clumsy.
You hear some strange, mumbled words.
Something tries to affect you, but you resist.
The endoplasm freezes you.
You are frozen.
You die...

##### ######......
#########..J@..####
#.......#...l.......
#.#####.#..###...#..
#.#...#.#..#...$##
#.#..........# ..#
#.#...#.#..### ....
#.##.##.#..... ###.
#.......##..$...
##.......#######


You could see an endoplasm and a frilled lizard.

Vanquished Creatures
  3 adders (D:2)
  A worm (D:2)
  A dart slug (D:2)
  3 ball pythons (D:1)
  4 endoplasms (D:1)
  A giant cockroach (D:2)
  3 goblins
  8 hobgoblins
  A kobold (D:1)
  3 quokkas
  3 bats (D:1)
  3 frilled lizards
  7 rats (D:1)
41 creatures vanquished.

Vanquished Creatures (others)
  A hobgoblin (D:1)
1 creature vanquished.

Grand Total: 42 creatures vanquished

Notes
Turn   | Place    | Note
-------+----------+-------------------------------------------
     0 | D:1      | H0rd4k the Octopode Artificer began the quest for the Orb.
     0 | D:1      | Reached XP level 1. HP: 13/13 MP: 1/1
   114 | D:1      | Reached XP level 2. HP: 7/18 MP: 1/3
   115 | D:1      | Reached skill level 1 in Spellcasting
   494 | D:1      | Found a faded altar of an unknown god.
   732 | D:1      | Reached XP level 3. HP: 18/24 MP: 5/5
  1588 | D:2      | Reached skill level 1 in Unarmed Combat
  1817 | D:2      | Reached XP level 4. HP: 29/29 MP: 6/6
  2296 | D:3      | HP: 1/30 [frilled lizard (2)]
  2298 | D:3      | Frozen to death by an endoplasm

Illustrated notes

Levels and vault maps discovered:
D:1:      dpeg_arrival_court, layout_loops_ring,
          chequers_ecumenical_altar_simple_redux, skrybe_limestone_x,
          minmay_pentomino_w4
D:2:      layout_loops_ring
D:3:      layout_loops_cross, portal_sewer_entry_b, uniq_grinder

Skill      XL: |  1  2  3 |
---------------+----------+-----
Spellcasting   | 1 |  1.9
Fighting       | 2 |  2.3
Unarmed Combat | 1 |  1.7
Dodging        | |  2.3
Stealth        | |  1.3
Evocations     | |  3.2

Action                   |  1- 3 |  4- 6 || total
-------------------------+-------+-------++-------
Melee: Unarmed           |    82 |    10 ||    92
       Constrict         |    23 |     3 ||    26
       Tentacles         |    17 |     2 ||    19
       Punch             |     1 |       ||     1
Evoke: Wand              |     5 |     1 ||     6
  Use: Potion            |       |     1 ||     1
 Stab: Sleeping          |    10 |     2 ||    12
Armor: Skin              |     3 |       ||     3
Dodge: Dodged            |    57 |    16 ||    73
